AoeStats
← Minox

Nomad

503142703Analyzed
3v3 RM · 1mo ago on Aug 30, 2026· 19m 56s· 6 players
Game mode
Random Map
Map size
210×210
Population
200
Speed
Normal
Resources
Standard
Victory
Conquest
Starting age
Dark Age
Ending age
Imperial Age
RankedLock teamsTeams togetherTeam positionsShared explorationLock speedFull tech treeHidden civsTurbo modeCheats
Victory
Defeat
🇩🇪 Chinese · Germany
968
+16
🇬🇧 Spanish · United Kingdom
954
+17
🇩🇪 Ethiopians · Germany
951
+17
🇫🇷 Aztecs · France
1011
-18
🇫🇷 Italians · France
976
-17
🇺🇸 Dravidians · United States
930
-15
VGL.Gebrüder
11:37 Loom
13:25 Feudal Age
11:44 Loom
16:34 Forging
16:26 Scale Mail Armor
16:36 Man-at-Arms
19:24 Castle Age
VGL.NICO
6:03 Loom
14:03 Feudal Age
19:00 Castle Age
17:17 Double-Bit Axe
17:31 Fishing Lines
VGL.Clown
13:37 Feudal Age
12:17 Loom
15:29 Fletching
16:53 Town Watch
Minox
16:32 Feudal Age
16:34 Loom
18:12 Padded Archer Armor
18:15 Scale Mail Armor
18:03 Horse Collar
19:24 Forging
Dirty F150
3:57 Loom
14:26 Feudal Age
15:34 Double-Bit Axe
16:25 Fletching
MASSOSAURE
14:30 Loom
18:11 Feudal Age
17:15 Loom
20:05 Wheelbarrow
19:11 Horse Collar
19:25 Double-Bit Axe
Connection lost

Rejoining the realm…

Still unreachable

The connection could not be restored.

Session expired

The server has moved on; the page needs a fresh start.